 Dungeon Crawl Stone Soup version 0.29-a0-72-g1732ff48e7 (webtiles) character file.

Game seed: 13165223341911991964

34871 fragbeetle the Bludgeoner (level 13, 0/166 HPs)
             Began as a Troll Berserker on Feb 4, 2022.
             Was a High Priest of Trog.
             Slain by a blink frog (9 damage)
             ... on level 3 of the Lair of Beasts.
             The game lasted 00:46:07 (14306 turns).

fragbeetle the Bludgeoner (Troll Berserker)        Turns: 14306, Time: 00:46:07

Health: 0/166      AC: 17    Str: 30    XL:     13   Next: 44%
Magic:  0/12       EV: 12    Int:  5    God:    Trog [*****.]
Gold:   847        SH:  7    Dex:  9    Spells: 12/12 levels left

rFire   . . .      SeeInvis .   U - +3 scimitar (flame)
rCold   . . .      Faith    .   h - +0 kite shield
rNeg    . . .      Spirit   +   O - +1 swamp dragon scales
rPois   +          Reflect  .   e - +0 hat
rElec   .          Harm     .   b - +0 cloak {rCorr}
rCorr   +          Rampage  .   (gloves unavailable)
Will    .....                   (boots unavailable)
Stlth   ..........              A - amulet of guardian spirit
HPRegen 1.17/turn               E - +4 ring of evasion
MPRegen 0.13/turn               S - +4 ring of protection

@: berserking, very quick
A: large, unfitting armour, claws 3, regeneration 1, shaggy fur 1, tough skin 1
a: Renounce Religion, Berserk, Trog's Hand, Brothers in Arms


You were on level 3 of the Lair of Beasts.
You worshipped Trog.
Trog was extremely pleased with you.
You visited 3 branches of the dungeon, and saw 15 of its levels.
You also visited: Bailey.

You collected 937 gold pieces.
You spent 90 gold pieces at shops.

Inventory:

Hand Weapons
 C - a +6 flail of freezing
 J - a +4 demon trident
 U - a +3 scimitar of flaming (weapon)
Missiles
 a - 2 throwing nets
 j - 11 javelins
 m - 27 poisoned darts
 n - 2 datura-tipped darts
 o - a curare-tipped dart
 q - 5 boomerangs (quivered)
 D - 5 silver javelins
 R - 4 large rocks
Armour
 b - a +0 cloak of preservation (worn)
 e - a +0 hat (worn)
 h - a +0 kite shield (worn)
 O - +1 swamp dragon scales (worn)
Jewellery
 s - a ring of positive energy
 A - an amulet of guardian spirit (around neck)
 E - a +4 ring of evasion (left claw)
 I - a ring of magical power
 S - a +4 ring of protection (right claw)
 Y - a ring of protection from cold
Wands
 f - a wand of paralysis (23)
 z - a wand of polymorph (9)
 B - a wand of mindburst (15)
 G - a wand of iceblast (1)
 N - a wand of acid (20)
Scrolls
 r - 4 scrolls of magic mapping
 t - a scroll of blinking {unknown}
 y - a scroll of fear
 M - a scroll of amnesia {unknown}
 P - a scroll of silence {unknown}
 Q - a scroll of enchant armour
 T - 5 scrolls of teleportation
 Z - 2 scrolls of fog
Potions
 c - 5 potions of curing
 d - a potion of magic {unknown}
 g - a potion of degeneration {unknown}
 i - a potion of invisibility {unknown}
 k - 4 potions of lignification {unknown}
 l - 4 potions of mutation {unknown}
 p - 3 potions of attraction
 u - 2 potions of brilliance {unknown}
 v - a potion of ambrosia {unknown}
 w - 2 potions of cancellation
 x - 3 potions of haste
 F - 2 potions of resistance
 H - 2 potions of might {unknown}
 K - a potion of heal wounds {unknown}
 L - 4 potions of berserk rage {unknown}
 X - 2 potions of flight {unknown}
Miscellaneous
 W - a piece from Xom's chessboard (15/15)


   Skills:
 + Level 3.2 Fighting
 * Level 16.1 Maces & Flails
 * Level 8.1 Armour
 - Level 3.0 Dodging
 + Level 3.7 Shields
 * Level 8.3 Evocations


You had 12 spell levels left.
You didn't know any spells.
Your spell library was empty.

Dungeon Overview and Level Annotations

Branches:
Dungeon (11/15)            Temple (1/1) D:6            Lair (3/6) D:10
 Shoals (0/4) Lair:2          Orc (0/2) D:10         Bailey (visited)
  Snake: Lair:2-4    Spider: Lair:2-4

Altars:
Makhleb
Xom
Zin
The Shining One

Portals:
Trove: D:11 (give +3 shadow dragon scales)


Innate Abilities, Weirdness & Mutations

You are too large for most types of armour.
You have claws for hands.
Your natural rate of healing is unusually fast.
You are covered in fur. (AC +1)
You have tough skin. (AC +1)


Message History

* * * LOW HITPOINT WARNING * * *
The six-headed hydra misses you.
The six-headed hydra bites you but does no damage.
The six-headed hydra bites you!
* * * LOW HITPOINT WARNING * * *
The six-headed hydra barely misses you.
The six-headed hydra completely misses you.
You block the blink frog's attack.
You chop one of the six-headed hydra's heads off!
The flame cauterises the wound!
You hit the five-headed hydra. You burn the five-headed hydra.
The five-headed hydra is moderately wounded.
The blink frog completely misses you.
The five-headed hydra bites you but does no damage. x3
You block the five-headed hydra's attack.
The five-headed hydra bites you.
* * * LOW HITPOINT WARNING * * *
The blink frog completely misses you.
The five-headed hydra closely misses you.
You block the five-headed hydra's attack.
The five-headed hydra bites you!
* * * LOW HITPOINT WARNING * * *
The five-headed hydra bites you but does no damage. x2
A red film seems to cover your vision as you go berserk!
You feel yourself moving faster!
You feel mighty! The blink frog barely misses you.
You block the five-headed hydra's attack.
The five-headed hydra bites you!
* * * LOW HITPOINT WARNING * * *
The five-headed hydra bites you but does no damage. x2
The five-headed hydra bites you!
* * * LOW HITPOINT WARNING * * *
The blink frog misses you.
You are too berserk!
You slice one of the five-headed hydra's heads off!
The flame cauterises the wound!
You slice the four-headed hydra!! You burn the four-headed hydra.
The four-headed hydra is heavily wounded.
The blink frog hits you!
You die...

...†..........P######≈≈≈≈≈###[#..
...#................#≈≈≈≈≈##....#
....##..............###'###....##
....#..........................#
......................#####..###
.......................# ####
.....................###
................F...## ....
........(.D@††## ....
........(.†....## ..
.#...............## ### ...
..................######.### ...
....>....................#.## ...
.#........................#.. ..
#........#.........>........#
#.........#.)...............#
#.......####................#


You could see a four-headed hydra and a blink frog.

Vanquished Creatures
  4 hydras
  A centaur warrior (D:9)
  A two-headed ogre (D:9)
  Urug (Lair:3)
  A harpy (D:9)
  An ugly thing (D:9)
  A mana viper (shapeshifter) (D:9)
  2 manticores
  2 cyclopes (D:9)
  2 black mambas (Lair:1)
  9 cane toads
  Joseph (D:8)
  Maurice (D:10)
  A torpor snail (Lair:3)
  3 centaur zombies
  Maggie (D:10)
  A gargoyle (D:11)
  6 komodo dragons
  An unseen horror (D:10)
  2 rime drakes
  3 kobold demonologists (D:11)
  Psyche (D:9)
  2 efreet (D:9)
  2 trolls
  A polar bear (Lair:1)
  A meliai (D:9)
  A hornet (D:10)
  15 blink frogs
  A slime creature (D:9)
  A meliai zombie (D:11)
  A culicivora (shapeshifter) (D:9)
  Sigmund (D:3)
  4 wyverns
  2 shadows
  A vampire (D:11)
  28 yaks
  3 basilisks
  A wraith (D:11)
  A vampire mosquito (D:9)
  A warg (D:10)
  An acid dragon (D:8)
  15 orc warriors
  9 water moccasins
  A sky beast (D:6)
  A hornet zombie (D:6)
  A black bear (Lair:1)
  18 wolves
  3 centaurs
  2 ogres
  2 phantoms
  2 kobold brigands
  19 bullfrogs
  A scorpion (D:4)
  2 gnoll sergeants
  A water moccasin zombie (D:5)
  A wyvern skeleton (D:7)
  15 killer bees
  8 wights (D:6)
  3 howler monkeys
  An electric eel (Lair:2)
  A hound (D:5)
  A gnoll shaman (D:9)
  2 jellies
  8 orc priests
  A bullfrog skeleton (D:5)
  2 iguanas
  Terence (D:3)
  9 orc wizards
  14 gnolls
  3 howler monkey zombies
  11 adders
  A howler monkey skeleton (D:6)
  A white imp (D:5)
  2 ufetubi
  2 worms
  2 dart slugs
  41 orcs
  18 bats
  8 endoplasms
  3 giant cockroaches
  13 goblins
  6 hobgoblins
  3 jackals (D:3)
  3 quokkas
  6 ball pythons
  7 frilled lizards
  14 kobolds
  7 rats
409 creatures vanquished.

Vanquished Creatures (collateral kills)
  An orc knight (Bailey)
1 creature vanquished.

Vanquished Creatures (others)
  A tengu conjurer (D:11)
  An electric eel (D:10)
  27 fungi
  60 plants
89 creatures vanquished.

Grand Total: 499 creatures vanquished

Notes
Turn   | Place    | Note
-------+----------+-------------------------------------------
     0 | D:1      | fragbeetle the Troll Berserker began the quest for the Orb.
     0 | D:1      | Reached XP level 1. HP: 22/22 MP: 0/0
   186 | D:1      | Reached skill level 3 in Maces & Flails
   190 | D:1      | Reached XP level 2. HP: 29/29 MP: 1/1
   442 | D:1      | Reached ** piety under Trog
   522 | D:1      | Reached XP level 3. HP: 36/36 MP: 2/2
  1056 | D:2      | Reached skill level 4 in Maces & Flails
  1151 | D:2      | Noticed an ogre
  1159 | D:2      | Killed an ogre
  1160 | D:2      | Reached XP level 4. HP: 44/44 MP: 3/3
  1160 | D:2      | Reached XP level 5. HP: 50/50 MP: 4/4
  1401 | D:2      | Reached skill level 5 in Maces & Flails
  1699 | D:3      | Reached *** piety under Trog
  1709 | D:3      | Noticed Sigmund
  1722 | D:3      | Killed Sigmund
  1723 | D:3      | Reached skill level 6 in Maces & Flails
  1723 | D:3      | Reached XP level 6. HP: 48/59 MP: 5/5
  2014 | D:3      | Noticed Terence
  2024 | D:3      | Killed Terence
  2381 | D:3      | Reached skill level 7 in Maces & Flails
  2533 | D:4      | Reached XP level 7. HP: 45/66 MP: 6/6
  2909 | D:5      | Entered Level 5 of the Dungeon
  3225 | D:5      | Reached skill level 8 in Maces & Flails
  3346 | D:5      | HP: 3/66 [poisoned by a killer bee]
  3351 | D:5      | HP: 2/66 [poisoned by a killer bee]
  3547 | D:5      | Reached XP level 8. HP: 20/74 MP: 7/7
  3641 | D:5      | Reached skill level 9 in Maces & Flails
  3961 | D:6      | Found a staircase to the Ecumenical Temple.
  3976 | Temple   | Entered the Ecumenical Temple
  4016 | D:6      | Reached skill level 10 in Maces & Flails
  4323 | D:6      | Found a glowing silver altar of Zin.
  4324 | D:6      | Found Zin's Purification Station.
  4330 | D:6      | Bought a potion of curing for 90 gold pieces
  4453 | D:6      | Noticed a manticore
  4453 | D:6      | Noticed a troll
  4534 | D:6      | Killed a troll
  4535 | D:6      | Reached skill level 11 in Maces & Flails
  4535 | D:6      | Reached XP level 9. HP: 33/80 MP: 1/8
  4860 | D:6      | Killed a manticore
  4861 | D:6      | Reached skill level 12 in Maces & Flails
  5673 | D:7      | Reached skill level 13 in Maces & Flails
  5927 | D:7      | Reached XP level 10. HP: 66/88 MP: 6/9
  5935 | D:7      | Reached skill level 1 in Evocations
  6349 | D:8      | Found a flagged portal.
  6445 | Bailey   | Entered a bailey
  6619 | Bailey   | Noticed an orc knight
  6694 | Bailey   | Reached **** piety under Trog
  6695 | Bailey   | Reached skill level 1 in Shields
  6718 | Bailey   | Killed an orc knight
  7321 | D:8      | Noticed Joseph
  7331 | D:8      | Killed Joseph
  7777 | D:9      | Noticed a cyclops
  7788 | D:9      | Killed a cyclops
  7921 | D:9      | Reached skill level 1 in Armour
  7978 | D:9      | Noticed a centaur warrior
  7984 | D:9      | Killed a centaur warrior
  7985 | D:9      | Reached skill level 14 in Maces & Flails
  7985 | D:9      | Reached XP level 11. HP: 94/94 MP: 5/10
  8192 | D:9      | Noticed an anaconda
  8193 | D:9      | Noticed a steelbarb worm
  8193 | D:9      | an anaconda changed into a steelbarb worm
  8218 | D:9      | Noticed a mana viper
  8218 | D:9      | a steelbarb worm changed into a mana viper
  8223 | D:9      | Killed a mana viper
  8282 | D:9      | Noticed a two-headed ogre
  8294 | D:9      | Killed a two-headed ogre
  8393 | D:9      | Reached skill level 5 in Evocations
  8566 | D:9      | Noticed a six-headed hydra
  8577 | D:9      | Killed a one-headed hydra
  8671 | D:9      | Noticed a cyan ugly thing
  8694 | D:9      | Killed a cyan ugly thing
  8707 | D:9      | Noticed a seven-headed hydra
  8726 | D:9      | Killed a two-headed hydra
  8937 | D:9      | Noticed a harpy
  8945 | D:9      | Killed a harpy
  9115 | D:9      | Reached skill level 5 in Armour
  9290 | D:10     | Entered Level 10 of the Dungeon
  9290 | D:10     | Noticed Maggie
  9317 | D:10     | Noticed Psyche
  9340 | D:9      | Killed Psyche
  9423 | D:10     | Noticed Maurice
  9431 | D:10     | Killed Maurice
  9501 | D:10     | Killed Maggie
  9502 | D:10     | Reached XP level 12. HP: 64/104 MP: 6/11
  9544 | D:10     | Found a staircase to the Orcish Mines.
  9877 | D:10     | Found a staircase to the Lair.
 10298 | D:11     | Reached skill level 15 in Maces & Flails
 10629 | D:11     | Found a portal to a secret trove of treasure.
 10826 | Lair:1   | Entered Level 1 of the Lair of Beasts
 11324 | Lair:1   | Reached ***** piety under Trog
 12358 | Lair:2   | Reached XP level 13. HP: 110/110 MP: 12/12
 12700 | Lair:2   | Found a staircase to the Shoals.
 13164 | Lair:3   | Noticed Urug
 13186 | Lair:3   | Killed Urug
 13692 | Lair:3   | Reached skill level 16 in Maces & Flails
 13932 | Lair:3   | Received a gift from Trog
 14305 | Lair:3   | HP: 7/166 [five-headed hydra (12)]
 14306 | Lair:3   | Slain by a blink frog

Illustrated notes

Levels and vault maps discovered:
D:1:      doesnt_arrival_eight_statues, layout_loops_ring
D:2:      layout_loops_ring, minmay_misc_feat_pillars
D:3:      layout_loops_cross, uniq_terence, uniq_sigmund
D:4:      layout_rooms
D:5:      layout_basic, st_stairs_5
D:6:      kennysheep_big_flooded_room, layout_loops_corners, zin_purify,
          minmay_temple_entry_junction, nrook_mini_backslash
D:7:      layout_gridville
D:8:      layout_loops_corners, enter_bailey_5, uniq_joseph
D:9:      nzn_winding_woodlands_large [nzn_winding_woodlands_5x5_cross,
          nzn_winding_woodlands_5x15_jagged, nzn_winding_woodlands_hourglass,
          nzn_winding_woodlands_center_lodge,
          nzn_winding_woodlands_15x15_five_gardens,
          nzn_winding_woodlands_center_triple_pond,
          nzn_winding_woodlands_5x5_perimeter,
          nzn_winding_woodlands_5x15_default,
          nzn_winding_woodlands_5x5_open_star], layout_small_grid
D:10:     layout_gridville, lair_entry_dummy, erik_orc_4, ldierk_geyser,
          water_maze_lemuel, uniq_maggie, uniq_psyche, uniq_maurice
D:11:     layout_roguey, enter_trove_2, minmay_tree_intersection,
          grunt_decor_mini_mirrors
Temple:   grunt_wide_crystal_templ
Lair:1:   layout_small_grid, nzn_random_ring
Lair:2:   layout_gridlike, elwin_shoals_entry_rocks
Lair:3:   layout_gridlike, chequers_serial_rivers_room_b, roderic_batcave,
          uniq_urug

Skill      XL: |  1  2  3  4  5  6  7  8  9 10 11 12 13 |
---------------+----------------------------------------+-----
Maces & Flails | 3 4 6 7 8 11 13 14 15 16 | 16.1
Dodging        | 3 |  3.0
Evocations     | 4 6 7 8 |  8.3
Shields        | 3 |  3.7
Armour         | 2 5 7 8 |  8.1
Fighting       | 3 |  3.2

Action                   |  1- 3 |  4- 6 |  7- 9 | 10-12 | 13-15 || total
-------------------------+-------+-------+-------+-------+-------++-------
Melee: Mace              |   125 |   118 |       |       |       ||   243
       Punch             |     1 |       |       |       |       ||     1
       Flail             |       |    35 |   356 |   729 |   251 ||  1371
       Scimitar          |       |       |       |    15 |    22 ||    37
Throw: Dart              |       |     4 |    18 |    26 |       ||    48
       Large rock        |       |       |       |     1 |     3 ||     4
       Javelin           |       |       |       |     9 |       ||     9
       Boomerang         |       |       |       |     2 |     9 ||    11
Invok: Berserk           |     1 |     3 |     9 |    11 |     2 ||    26
       Trog's Hand       |       |       |     3 |     4 |       ||     7
       Brothers in Arms  |       |       |       |     1 |       ||     1
Evoke: Wand              |       |       |       |    11 |     2 ||    13
  Use: Potion            |       |     1 |     1 |     2 |       ||     4
       Scroll            |       |       |     4 |     8 |     1 ||    13
 Stab: Sleeping          |     1 |       |       |       |       ||     1
Armor: Animal skin       |    64 |    40 |    87 |     5 |       ||   196
       Acid dragon scale |       |       |       |    80 |       ||    80
       Skin              |       |       |       |     2 |       ||     2
       Swamp dragon scal |       |       |       |    86 |   211 ||   297
Dodge: Dodged            |    81 |    52 |   161 |   334 |   210 ||   838
Block: Kite shield       |    13 |    42 |   108 |   237 |   155 ||   555

Table legend: (Time is in decaauts)
 A = Elapsed time spent in this place.
 B = Non-inter-level travel time spent in this place.
 C = Inter-level travel time spent in this place.
 D = Time resting spent in this place.
 E = Time spent auto-exploring this place.
 F = Levels seen in this place.
 G = Mean time per level.
                   A        B        C        D        E       F      G
               +--------+--------+--------+--------+--------+-----+--------+
         Total |  14580 |  14057 |    523 |   1492 |   8328 |  16 |  911.2 |
       Dungeon |  10701 |  10277 |    424 |   1251 |   6207 |  11 |  972.8 |
        Temple |      1 |      1 |      0 |      0 |      0 |   1 |    1.0 |
          Lair |   3436 |   3338 |     98 |    178 |   2121 |   3 | 1145.3 |
        Bailey |    440 |    440 |      0 |     62 |      0 |   1 |  440.0 |
               +--------+--------+--------+--------+--------+-----+--------+

Top non-repeatable levels by time:
     D:9: 1748 daAuts
     D:6: 1602 daAuts
  Lair:1: 1359 daAuts
     D:5: 1100 daAuts
  Lair:3: 1078 daAuts
     D:3: 1012 daAuts
  Lair:2: 998 daAuts
     D:8: 942 daAuts
    D:10: 917 daAuts
     D:2: 827 daAuts
     D:7: 810 daAuts
     D:1: 673 daAuts
    D:11: 548 daAuts
     D:4: 517 daAuts
  Bailey: 440 daAuts
